 Dungeon Crawl Stone Soup version 0.20.0-10-g0535bb4 (webtiles) character file.

60161 Gravenous the Blocker (level 14, -5/94 HPs)
             Began as a Gargoyle Berserker on June 3, 2017.
             Was the Champion of Trog.
             Slain by a tarantella (8 damage)
             ... on level 1 of the Spider Nest.
             The game lasted 00:32:02 (18561 turns).

Gravenous the Blocker (Gargoyle Berserker)         Turns: 18561, Time: 00:32:02

Health: -5/94      AC: 25    Str: 25    XL:     14   Next: 98%
Magic:  17/17      EV: 10    Int:  9    God:    Trog [******]
Gold:   1144       SH:  0    Dex:  9    Spells: 13/13 levels left

rFire    + + +     SeeInvis +   B - +8 lance "Wyrmbane" {slay drac, rPois rF+ rC+ AC+3}
rCold    . . .     Gourm    .   U - +2 shield
rNeg     + . .     Faith    .   T - +1 scale mail of the Hippo {+Blink rElec rF+++ rC-} (curse)
rPois    ∞         Spirit   .   (no helmet)
rElec    +         Reflect  .   (no cloak)
rCorr    .         Harm     .   N - +2 pair of gloves
MR       +....                  (no boots)
Stlth    ..........             R - amulet of regeneration
Regen    0.7/turn               M - ring of protection from fire
MPRegen  0.2/turn               C - ring of see invisible

@: confused
A: big wings, negative energy resistance 1, electricity resistance, unbreathing,
petrification resistance, rot immunity, AC +9
a: Fly, Berserk, Trog's Hand, Brothers in Arms, Burn Spellbooks, Renounce
Religion, Evoke Blink


You were on level 1 of the Spider Nest.
You worshipped Trog.
Trog was exalted by your worship.
You were hungry.

You visited 3 branches of the dungeon, and saw 20 of its levels.
You also visited: Labyrinth, Sewer, Ossuary and Bailey.

You collected 1144 gold pieces.

Inventory:

Hand Weapons
 B - the +8 lance "Wyrmbane" (weapon) {slay drac, rPois rF+ rC+ AC+3}
   (You found it on level 5 of the Dungeon)

   It affects your AC (+3).
   It protects you from fire.
   It protects you from cold.
   It protects you from poison.
Armour
 N - a +2 pair of gloves (worn)
 T - the cursed +1 scale mail of the Hippo (worn) {+Blink rElec rF+++ rC-}
   (You found it on level 3 of the Lair of Beasts)

   It renders you almost immune to fire.
   It makes you vulnerable to cold.
   It insulates you from electricity.
   It lets you blink.
   It has a curse placed upon it.
 U - a +2 shield (worn)
Jewellery
 C - a ring of see invisible (right hand)
 M - a ring of protection from fire (left hand)
 R - an amulet of regeneration (around neck)
Wands
 b - a wand of iceblast (9/15)
 n - a wand of paralysis (7/24)
 s - a wand of acid (9/15)
 A - a wand of acid (8/15)
 V - a wand of iceblast (8/15)
Scrolls
 a - a scroll of fear {unknown}
 d - a scroll of magic mapping {unknown}
 e - 35 scrolls of identify {unknown}
 f - 9 scrolls of teleportation {unknown}
 j - 2 scrolls of fog {unknown}
 m - 4 scrolls of enchant weapon {unknown}
 p - 2 scrolls of recharging {unknown}
 q - 7 scrolls of remove curse {unknown}
 u - 2 scrolls of immolation {unknown}
 v - a scroll of noise {unknown}
 y - a scroll of torment {unknown}
 z - 2 scrolls of vulnerability {unknown}
 F - 4 scrolls of blinking {unknown}
 G - 2 scrolls of summoning {unknown}
 I - 6 scrolls of enchant armour {unknown}
 L - 2 scrolls of amnesia {unknown}
 Q - a scroll of random uselessness {unknown}
 X - a scroll of acquirement {unknown}
Potions
 g - 7 potions of heal wounds
 h - 10 potions of curing {unknown}
 i - a potion of lignification {unknown}
 o - 7 potions of flight {unknown}
 t - 3 potions of might {unknown}
 w - 2 potions of agility {unknown}
 x - 4 potions of brilliance {unknown}
 D - 6 potions of cancellation {unknown}
 E - 4 potions of invisibility {unknown}
 H - 3 potions of resistance {unknown}
 J - a potion of magic {unknown}
 K - 2 potions of mutation {unknown}
 O - 3 potions of degeneration {unknown}
 P - a potion of haste {unknown}
 W - a potion of berserk rage {unknown}
 Z - 3 potions of ambrosia {unknown}
Miscellaneous
 S - a box of beasts
 Y - a lightning rod (1/4)
Comestibles
 c - 5 bread rations
 k - 23 royal jellies
 l - 12 meat rations
 r - 18 fruits


   Skills:
 + Level 13.6 Fighting
   Level 7.3 Maces & Flails
 - Level 12.6 Polearms
 - Level 9.0 Armour
 - Level 1.5 Dodging
 * Level 14.6 Shields
 - Level 5.2 Evocations


You had 13 spell levels left.
You didn't know any spells.

Dungeon Overview and Level Annotations

Branches:
Dungeon (12/15)            Temple (0/1) D:6            Lair (6/6) D:11
 Shoals (0/4) Lair:3       Spider (2/4) Lair:3        Slime (0/5) Lair:6
    Orc (0/2) D:12

Altars:
Qazlal
Jiyva

Shops:
D:9 ?   D:10 !

Annotations:
D:9 2 transporters
D:10 1 runed door
Lair:6 exclusion: oklob plant


Innate Abilities, Weirdness & Mutations

You are resistant to torment.
Your stone body is resilient. (AC +9)
You are immune to poison.
Your large and strong wings let you fly indefinitely.
You resist negative energy. (rN+)
You are resistant to electric shocks. (rElec)
You can survive without breathing.
You are immune to petrification.
You are immune to rotting.


Message History

You bump into the rock wall.
The tarantella bites you but does no damage.
The tarantella bites you.
* * * LOW HITPOINT WARNING * * *
The tarantella barely misses you.
Things that are here:
a wolf spider corpse; a redback corpse Unknown command.
You're too confused!
The tarantella bites you.
* * * LOW HITPOINT WARNING * * *
The tarantella bites you.
* * * LOW HITPOINT WARNING * * *
The tarantella bites you!
* * * LOW HITPOINT WARNING * * *
You bump into the rock wall.
The tarantella bites you.
* * * LOW HITPOINT WARNING * * *
You are more confused.
The tarantella bites you!
You die...

.. .## # .#..###
#.....#..##
...#......### #...#
#.....# ......#.....##
#....#..#.@^#
...#....†s..#
.#......>#.##
.....#.....####
.......#...##.## ..
#...##..........#
.#...................
. .#...#....#..#......
..#..#.............#.^


You could see a tarantella.

Vanquished Creatures
  A minotaur (Lab)
  Erolcha (D:12)
  Fannar (D:10)
  3 hydras
  3 catoblepae (Lair:6)
  Harold (Lair:3)
  7 two-headed ogres
  7 death yaks (Lair:6)
  The ghost of ThereIsNoGod the Basher, a journeyman GrFi of Trog (D:11)
  Urug (Lair:5)
  An unseen horror (D:11)
  A necromancer (Lair:5)
  2 cyclopes
  5 ugly things
  3 wolf spiders (Spider:1)
  3 manticores
  11 elephants
  A torpor snail (Lair:6)
  5 black mambas
  10 spiny frogs
  5 komodo dragons
  3 trolls
  A queen bee (Lair:1)
  9 slime creatures (D:12)
  6 blink frogs
  5 dream sheep (Lair:5)
  6 hippogriffs
  2 spriggans
  6 redbacks (Spider:1)
  A wyvern (D:10)
  2 tarantellas
  28 yaks
  2 steam dragons
  2 basilisks (Lair:2)
  A hungry ghost (Lab)
  5 soldier ants (D:10)
  7 water moccasins
  3 black bears
  11 porcupines
  15 orc warriors
  A sky beast (D:11)
  An ice beast (D:9)
  3 elephant zombies (Lair:5)
  9 ogres
  4 phantoms
  2 necrophages
  5 centaurs
  16 wolves
  14 crocodiles
  12 bullfrogs
  5 gnoll sergeants (D:12)
  12 scorpions
  44 killer bees
  3 wights (D:5)
  6 howler monkeys
  3 electric eels (Lair:5)
  2 crimson imps (D:12)
  2 quasits
  10 centaur zombies
  7 hounds
  A human zombie (Ossuary)
  2 jellies
  6 orc priests
  A basilisk zombie (Lair:5)
  2 bullfrog zombies
  A bullfrog skeleton (D:8)
  3 iguanas
  3 orc wizards
  15 worker ants
  A big kobold zombie (Ossuary)
  A crocodile zombie (Lair:5)
  3 mummies (Ossuary)
  3 hound skeletons
  2 worker ant zombies
  4 gnolls
  2 river rats (D:6)
  A scorpion zombie (Ossuary)
  23 adders
  2 shadow imps
  An ooze (D:6)
  An adder skeleton (D:8)
  5 worms
  8 dart slugs
  9 leopard geckos
  27 orcs
  5 ball pythons
  9 giant cockroaches
  5 gnoll zombies (Ossuary)
  6 goblins
  9 hobgoblins
  6 jackals
  6 kobolds
  6 quokkas
  14 bats
  7 frilled lizards
  3 goblin zombies (Ossuary)
  3 hobgoblin zombies (Ossuary)
  2 kobold zombies (Ossuary)
  2 orc zombies (Ossuary)
  2 quokka zombies
  3 rats
564 creatures vanquished.

Vanquished Creatures (others)
  10 fungi
  8 plants
18 creatures vanquished.

Grand Total: 582 creatures vanquished

Notes
Turn   | Place    | Note
-------+----------+-------------------------------------------
     0 | D:1      | Gravenous the Gargoyle Berserker began the quest for the Orb.
     0 | D:1      | Reached XP level 1. HP: 14/14 MP: 1/1
   177 | D:1      | Reached XP level 2. HP: 13/19 MP: 2/2
   535 | D:1      | Reached XP level 3. HP: 22/23 MP: 3/3
   618 | D:1      | Reached ** piety under Trog
  1307 | D:2      | Reached XP level 4. HP: 23/28 MP: 4/4
  1901 | D:3      | Reached XP level 5. HP: 19/33 MP: 5/5
  2347 | D:4      | Reached *** piety under Trog
  2545 | D:4      | Reached skill level 5 in Maces & Flails
  2545 | D:4      | Reached XP level 6. HP: 38/38 MP: 6/6
  2998 | D:4      | Reached XP level 7. HP: 43/44 MP: 7/7
  3034 | D:4      | Reached skill level 5 in Fighting
  3034 | D:4      | Reached skill level 5 in Armour
  3522 | D:5      | Entered Level 5 of the Dungeon
  3672 | D:5      | Reached XP level 8. HP: 44/50 MP: 8/8
  3944 | D:5      | Found a transporter.
  3985 | D:5      | Found a transporter.
  4391 | D:6      | Reached skill level 1 in Polearms
  4520 | D:6      | Found a staircase to the Ecumenical Temple.
  4552 | D:6      | Reached **** piety under Trog
  4764 | D:6      | Found a glowing drain.
  4771 | Sewer    | Entered a sewer
  5712 | D:7      | Found a sand-covered staircase.
  5732 | Ossuary  | Entered an ossuary
  5749 | Ossuary  | Reached XP level 9. HP: 50/56 MP: 9/9
  5845 | Ossuary  | Reached ***** piety under Trog
  6094 | D:7      | Reached skill level 5 in Polearms
  6714 | D:8      | Noticed a two-headed ogre
  6722 | D:8      | Killed a two-headed ogre
  6722 | D:8      | Reached XP level 10. HP: 30/64 MP: 10/10
  6929 | D:8      | Noticed a two-headed ogre
  6931 | D:8      | Noticed a two-headed ogre
  6938 | D:8      | Killed a two-headed ogre
  6944 | D:8      | Killed a two-headed ogre
  7026 | D:8      | Received a gift from Trog
  7424 | D:9      | Found a transporter.
  7426 | D:9      | Noticed a centaur warrior
  7429 | D:9      | Noticed a two-headed ogre
  7430 | D:9      | Found Exzeodof's Magic Scroll Emporium.
  7438 | D:9      | Killed a two-headed ogre
  7615 | D:9      | Noticed a two-headed ogre
  7625 | D:9      | Killed a two-headed ogre
  7625 | D:9      | Reached skill level 2 in Shields
  7625 | D:9      | Reached XP level 11. HP: 53/72 MP: 11/11
  7629 | D:9      | Found a flagged portal.
  7673 | Bailey   | Entered a bailey
  7699 | Bailey   | Noticed an orc knight
  8001 | D:9      | Found a transporter.
  8061 | D:9      | Reached skill level 3 in Shields
  8504 | D:10     | Entered Level 10 of the Dungeon
  8504 | D:10     | Found a runed door.
  8506 | D:10     | Found a runed gate.
  8519 | D:10     | Found a runed door.
  8543 | D:10     | Found a runed gate.
  8555 | D:10     | Reached skill level 10 in Fighting
  8557 | D:10     | Found a runed gate.
  8584 | D:10     | Reached skill level 4 in Shields
  8882 | D:10     | Noticed a two-headed ogre
  8891 | D:10     | Killed a two-headed ogre
  8891 | D:10     | Reached skill level 5 in Shields
  9052 | D:10     | Found Qankahul's Distillery.
  9075 | D:10     | Noticed Fannar
  9108 | D:10     | Killed Fannar
  9108 | D:10     | Reached skill level 10 in Polearms
  9108 | D:10     | Reached skill level 6 in Shields
  9425 | D:11     | Noticed a green ugly thing
  9441 | D:11     | Killed a green ugly thing
  9549 | D:11     | Noticed a white ugly thing
  9556 | D:11     | Killed a white ugly thing
  9556 | D:11     | Reached XP level 12. HP: 78/78 MP: 12/12
  9608 | D:11     | Reached skill level 7 in Shields
  9666 | D:11     | Noticed a two-headed ogre
  9681 | D:11     | Killed a two-headed ogre
  9688 | D:11     | Found a staircase to the Lair.
  9758 | Lair:1   | Entered Level 1 of the Lair of Beasts
 10047 | Lair:1   | Received a gift from Trog
 10233 | Lair:1   | Reached skill level 8 in Shields
 10890 | Lair:2   | Found a labyrinth entrance.
 10900 | Lab      | Entered a labyrinth
 11186 | Lab      | Noticed a minotaur
 11201 | Lab      | Killed a minotaur
 11620 | Lair:2   | You fall through a shaft!
 11636 | Lair:3   | Reached skill level 9 in Shields
 11680 | Lair:3   | Got a heavily runed scale mail
 11817 | Lair:3   | Identified the cursed +1 scale mail of the Hippo {+Blink rElec rF+++ rC-} (You found it on level 3 of the Lair of Beasts)
 12346 | Lair:3   | Found a hole to the Spider Nest.
 12365 | Lair:3   | Reached XP level 13. HP: 84/84 MP: 13/13
 12389 | Lair:3   | Found a staircase to the Shoals.
 12600 | Lair:3   | Reached skill level 10 in Shields
 12842 | Lair:3   | Noticed Harold
 12860 | Lair:3   | Killed Harold
 13836 | Lair:4   | Reached skill level 11 in Shields
 14270 | Lair:5   | Noticed Urug
 14281 | Lair:5   | Killed Urug
 14376 | Lair:5   | Reached ****** piety under Trog
 14412 | Lair:5   | Reached skill level 1 in Evocations
 14986 | Lair:6   | Entered Level 6 of the Lair of Beasts
 15076 | Lair:6   | Received a gift from Trog
 15076 | Lair:6   | Reached skill level 12 in Shields
 15205 | Lair:6   | Gained mutation: Your large and strong wings let you fly indefinitely. [Gargoyle growth]
 15205 | Lair:6   | Reached XP level 14. HP: 80/92 MP: 16/16
 15338 | Lair:6   | Found a viscous altar of Jiyva.
 15338 | Lair:6   | Found a staircase to the Slime Pits.
 16014 | Lair:6   | Reached skill level 13 in Shields
 16500 | D:11     | Found a stormy altar of Qazlal.
 16571 | D:11     | Noticed ThereIsNoGod's ghost (journeyman GrFi)
 16581 | D:11     | Killed ThereIsNoGod's ghost
 17203 | D:11     | Reached skill level 5 in Evocations
 17422 | D:12     | Noticed Erolcha
 17432 | D:12     | Killed Erolcha
 17623 | D:12     | Reached skill level 14 in Shields
 17882 | D:12     | Received a gift from Trog
 17946 | D:12     | Found a staircase to the Orcish Mines.
 18260 | Spider:1 | Entered Level 1 of the Spider Nest
 18561 | Spider:1 | HP: 3/94 [tarantella (4)]
 18561 | Spider:1 | Slain by a tarantella

Skill      XL: |  1  2  3  4  5  6  7  8  9 10 11 12 13 14 |
---------------+-------------------------------------------+-----
Armour         | 3 4 5 6 7 9 |  9.0
Maces & Flails | 4 5 6 7 |  7.3
Fighting       | 4 5 6 8 9 10 11 12 13 | 13.6
Polearms       | 3 6 8 10 11 12 | 12.6
Shields        | 2 6 9 12 14 | 14.6
Evocations     | 2 5 |  5.2
Dodging        | |  1.5

Action                   |  1- 3 |  4- 6 |  7- 9 | 10-12 | 13-15 || total
-------------------------+-------+-------+-------+-------+-------++-------
Melee: Mace              |   101 |   150 |       |       |       ||   251
       Flail             |       |    34 |    85 |       |       ||   119
       Lance             |       |       |   315 |   861 |  1187 ||  2363
Invok: Berserk           |       |     1 |     3 |     7 |     7 ||    18
       Burn Spellbooks   |       |       |       |     2 |       ||     2
       Trog's Hand       |       |       |       |     2 |     1 ||     3
Evoke: Wand              |       |       |       |     5 |       ||     5
       Lightning rod     |       |       |       |       |     3 ||     3
 Stab: Petrified         |       |       |       |       |     5 ||     5
  Eat: Chunk             |     1 |     7 |    15 |    20 |    18 ||    61
       Bread ration      |       |       |       |     2 |     2 ||     4
Armor: Animal skin       |     2 |       |       |       |       ||     2
       Ring mail         |    52 |   106 |   143 |   208 |       ||   509
       Scale mail        |       |       |       |    21 |   213 ||   234
Dodge: Dodged            |    74 |   137 |   173 |   196 |   141 ||   721
Block: Shield            |       |       |       |   325 |   390 ||   715
